cohdb
Replays
Latest Replays
All Replays
Popular Replays
Top Player Replays
Match Explorer
How It Works
Community
CoH3 Stats
Reddit
Sign in to upload your games and track your stats! →
Sign in with Steam
Match 43466982
Unlisted
Match 43466982
Overview
Messages
Build Orders
End
Construct Barracks
Selects Armored Battlegroup
Selects Veteran Crews
1⁄4-ton 4x4 Truck
Riflemen Squad
Riflemen Squad
Infantry Support Center
Riflemen Squad
M1918 Browning Automatic Rifles
Riflemen Squad
Construct Weapon Support Center
Bazooka Squad
Bazooka Squad
Advanced Logistics
Improved M9 Bazooka Rockets
Grenade Package
Bazooka Squad
Selects M31 Recovery Vehicle
Selects War Machine
Survival Training
Construct Tank Depot
ConcernedApe
badiba
qUiBbLe WiBbLe
Nappa
0
0
Comments
sign in to comment!
No comments posted yet!